 Dungeon Crawl Stone Soup version 0.31-a0-161-gb58dd9be76 (webtiles) character file.

Game seed: 7918068161116707865

336 Moral the Trooper (level 6, -8/56 HPs)
             Began as a Hill Orc Fighter on June 13, 2023.
             Was an Initiate of Beogh.
             Mangled by Duvessa
             ... wielding a +2 short sword of holy wrath
              (18 damage)
             ... on level 4 of the Dungeon.
             The game lasted 00:08:37 (3259 turns).

Moral the Trooper (Hill Orc Fighter)                Turns: 3259, Time: 00:08:38

Health: -8/56      AC:  7    Str: 21    XL:     6   Next: 54%
Magic:  15/15      EV:  9    Int:  8    God:    Beogh [......]
Gold:   133        SH:  4    Dex: 10    Spells: 5/5 levels left

rFire   + . .        j - +0 hand axe (freeze)
rCold   x . .        c - +0 buckler
rNeg    . . .        b - +0 scale mail
rPois   +            (no helmet)
rElec   .            (no cloak)
rCorr   +            (no gloves)
SInv    +            (no boots)
Will    .....        p - amulet of magic regeneration Stlth
                     l - ring of Qiewob {rPois rCorr MP+9 Slay+3 SInv}
HPRegen 0.29/turn    t - ring of fire
MPRegen 0.54/turn

%: no passive effects
@: no status effects
A: no striking features
a: Renounce Religion


You were on level 4 of the Dungeon.
You worshipped Beogh.
Beogh was noncommittal.
You visited 1 branch of the dungeon, and saw 4 of its levels.

You collected 133 gold pieces.

Inventory:

Hand Weapons
 j - a +0 hand axe of freezing (weapon)
Armour
 b - a +0 scale mail (worn)
 c - a +0 buckler (worn)
Jewellery
 l - the ring of Qiewob (left hand) {rPois rCorr MP+9 Slay+3 SInv}
   (You found it on level 2 of the Dungeon)

   [ring of magical power]

   Slay:      It affects your accuracy & damage with ranged weapons and melee
   (+3).
   rPois:     It protects you from poison.
   MP:        It affects your magic capacity (+9).
   SInv:      It lets you see invisible.
   rCorr:     It protects you from acid and corrosion.
 p - an amulet of magic regeneration (around neck)
 t - a ring of fire (right hand)
Scrolls
 h - a scroll of noise
 i - 5 scrolls of identify
 m - 2 scrolls of immolation {unknown}
 o - a scroll of vulnerability
Potions
 a - 4 potions of brilliance {unknown}
 d - a potion of might
 e - a potion of haste
 f - a potion of resistance {unknown}
 g - a potion of lignification {unknown}
 k - a potion of heal wounds {unknown}
 n - a potion of ambrosia {unknown}
 q - a potion of mutation {unknown}
 r - a potion of berserk rage {unknown}
 s - a potion of curing {unknown}
 u - a potion of magic {unknown}


   Skills:
 + Level 5.3 Fighting
 + Level 5.0 Axes
 + Level 4.8 Armour
 + Level 4.7 Shields


You had 5 spell levels left.
You didn't know any spells.
Your spell library contained the following spells:

 Spells                   Type           Power      Damage    Failure   Level
 Shock                    Conj/Air       0%         1d3       80%         1
 Slow                     Hex            0%         N/A       80%         1
 Blink                    Tloc           0%         N/A       91%         2
 Lesser Beckoning         Tloc           0%         N/A       91%         2
 Momentum Strike          Conj/Tloc      0%         3d8       91%         2
 Confusing Touch          Hex            0%         N/A       99%         3
 Swiftness                Air            0%         N/A       99%         3
 Vampiric Draining        Necr           0%         2d6       99%         3
 Airstrike                Air            0%         2d(0-16)  100%        4


Dungeon Overview and Level Annotations

Branches:
Dungeon (4/15)
 Temple: D:4-7

Altars:
Sif Muna

Annotations:
D:4 Duvessa


Message History

Dowan is moderately wounded.
You block Dowan's attack.
You slash Dowan! You freeze Dowan.
Dowan is severely wounded.
Dowan barely misses you.
You slash Dowan! You freeze Dowan.
You kill Dowan!
Beogh accepts your kill.
You hear a distant scream of rage.
The ball python bites you but does no damage.
The ball python grabs you. The ball python constricts you.
Your Axes skill increases to level 5!
You slash the ball python!
The ball python seems to slow down.
You freeze the ball python.
You kill the ball python!
Beogh accepts your kill.
Duvessa goes berserk!
Duvessa hits you with a +2 short sword of holy wrath!
You hit Duvessa but do no damage. Duvessa hits you but does no damage.
You hit Duvessa. You freeze Duvessa.
Duvessa is lightly wounded.
Duvessa hits you with a +2 short sword of holy wrath.
Duvessa hits you with a +2 short sword of holy wrath!!
You hit Duvessa but do no damage.
Duvessa is lightly wounded.
You block Duvessa's attack.
You hit Duvessa. You freeze Duvessa.
Duvessa is lightly wounded.
Duvessa completely misses you.
Duvessa hits you with a +2 short sword of holy wrath.
You slash Duvessa! You freeze Duvessa.
Duvessa is moderately wounded.
Duvessa hits you with a +2 short sword of holy wrath!
* * * LOW HITPOINT WARNING * * *
As you read the scroll of identify, it crumbles to dust.
o - a scroll of vulnerability Duvessa hits you with a +2 short sword of holy wrath.
* * * LOW HITPOINT WARNING * * *
Duvessa hits you with a +2 short sword of holy wrath!!
You die...

###..# #....# #....# ..
#.:..### ...
####..[#### ....
#........##########....
#........##............
#.........#...........$
#.......#@#.........###
#.......#.e............
#.......##.............
#.......###............
#.......##...........##
##########...........#
#...........#
#####.....### ..>...#


You could see Duvessa (berserk).

Vanquished Creatures
  Dowan (D:4)
  3 hounds
  Terence (D:2)
  2 orc wizards
  5 adders
  A worm (D:3)
  11 orcs
  8 endoplasms
  3 giant cockroaches
  10 goblins
  10 hobgoblins
  6 kobolds
  2 quokkas
  6 ball pythons
  5 bats
  4 frilled lizards
  11 rats
89 creatures vanquished.

Vanquished Creatures (others)
  A hound (D:4)
  An orc priest (D:4)
  An orc wizard (D:4)
  An adder (D:4)
  2 orcs (D:4)
6 creatures vanquished.

Grand Total: 95 creatures vanquished

Notes
Turn   | Place    | Note
-------+----------+-------------------------------------------
     0 | D:1      | Moral the Hill Orc Fighter began the quest for the Orb.
     0 | D:1      | Reached XP level 1. HP: 19/19 MP: 1/1
    64 | D:1      | Reached XP level 2. HP: 17/27 MP: 2/2
   593 | D:1      | Reached XP level 3. HP: 30/33 MP: 3/3
  1005 | D:2      | Noticed Terence
  1039 | D:2      | Killed Terence
  1040 | D:2      | Reached XP level 4. HP: 24/40 MP: 4/4
  1374 | D:2      | Identified the ring of Qiewob {rPois rCorr MP+9 Slay+3
                  | SInv}
  2094 | D:3      | Reached XP level 5. HP: 47/47 MP: 5/5
  2160 | D:3      | Found a shimmering blue altar of Sif Muna.
  3072 | D:4      | Reached skill level 5 in Fighting
  3072 | D:4      | Reached XP level 6. HP: 47/56 MP: 6/6
  3135 | D:4      | Became a worshipper of Beogh the Brigand
  3215 | D:4      | Found Reilif's Magic Scroll Emporium.
  3240 | D:4      | Noticed Dowan
  3242 | D:4      | Noticed Duvessa
  3252 | D:4      | Killed Dowan
  3253 | D:4      | Reached skill level 5 in Axes
  3259 | D:4      | Mangled by Duvessa

Illustrated notes

Levels and vault maps discovered:
D:1:      dpeg_arrival_morbid_curiosity, layout_basic
D:2:      layout_basic, uniq_terence
D:3:      layout_basic, amcnicky_altar_gilded
D:4:      layout_basic, kennysheep_little_box, mainiacjoe_overflow_big_doors,
          lemuel_coloured_pillars_altar, serial_shops, shop, uniq_duvessa,
          uniq_edmund

Skill      XL: |  1  2  3  4  5  6 |
---------------+-------------------+-----
Axes           | 3 4 5 |  5.0
Fighting       | 4 5 |  5.3
Armour         | 4 |  4.8
Shields        | 4 |  4.7

Action                     |  1- 3 |  4- 6 || total
---------------------------+-------+-------++-------
  Melee: War axe           |    93 |     3 ||    96
         Hand axe          |       |   145 ||   145
 Invoke: Convert to Beogh  |       |     1 ||     1
    Use: Scroll            |       |     3 ||     3
 Armour: Scale mail        |    56 |    63 ||   119
  Dodge: Dodged            |    50 |    62 ||   112
  Block: Buckler           |    27 |    24 ||    51

Table legend: (Time is in decaauts)
 A = Elapsed time spent in this place.
 B = Non-inter-level travel time spent in this place.
 C = Inter-level travel time spent in this place.
 D = Time resting spent in this place.
 E = Time spent auto-exploring this place.
 F = Levels seen in this place.
 G = Mean time per level.
                   A        B        C        D        E       F      G
               +--------+--------+--------+--------+--------+-----+--------+
         Total |   3309 |   3039 |    270 |      0 |   2332 |   4 |  827.2 |
       Dungeon |   3309 |   3039 |    270 |      0 |   2332 |   4 |  827.2 |
               +--------+--------+--------+--------+--------+-----+--------+

Top non-repeatable levels by time:
     D:2: 1124 daAuts
     D:1: 999 daAuts
     D:3: 959 daAuts
     D:4: 226 daAuts
